 Dungeon Crawl Stone Soup version 0.27.1-16-g815e20cd7a (webtiles) character file.

Game seed: 15976986571873593056

14 TheCrusader the Chopper (level 2, -1/29 HPs)
             Began as a Hill Orc Monk on Nov 24, 2021.
             Slain by an adder (4 damage)
             ... on level 5 of the Dungeon.
             The game lasted 00:07:07 (596 turns).

TheCrusader the Chopper (Hill Orc Monk)              Turns: 596, Time: 00:07:07

Health: -1/29      AC:  2    Str: 13    XL:     2   Next: 41%
Magic:  2/2        EV:  7    Int: 10    God:
Gold:   0          SH: 10    Dex: 13    Spells: 1/1 levels left

rFire    . . .     SeeInvis .   a - +0 hand axe
rCold    . . .     Faith    .   e - +0 tower shield
rNeg     . . .     Spirit   .   b - +0 robe
rPois    .         Reflect  .   (no helmet)
rElec    .         Harm     .   (no cloak)
rCorr    .         Rampage  .   (no gloves)
Will     .....                  (no boots)
Stlth    ++........             (no amulet)
HPRegen  0.09/turn              (no ring)
MPRegen  0.08/turn              (no ring)

@: lethally poisoned (-1 -> -6)
A: claws 1, robust 1
a: no special abilities


You were on level 5 of the Dungeon.
You visited 2 branches of the dungeon, and saw 6 of its levels.

Inventory:

Hand Weapons
 a - a +0 hand axe (weapon)
Armour
 b - a +0 robe (worn)
 e - a +0 tower shield (worn)
Scrolls
 d - a scroll of identify {unknown}


   Skills:
 + Level 3.9 Fighting
 + Level 4.4 Axes
 + Level 2.6 Dodging
 + Level 1.6 Stealth


You had one spell level left.
You didn't know any spells.
Your spell library contained the following spells:

 Spells                   Type           Power      Damage    Failure   Level
 Summon Small Mammal      Summ           0%         N/A       100%        1
 Call Canine Familiar     Summ           0%         N/A       100%        3
 Summon Guardian Golem    Hex/Summ       0%         N/A       100%        3


Dungeon Overview and Level Annotations

Branches:
Dungeon (5/15)             Temple (1/1) D:4

Altars:
Ashenzari
Dithmenos
Elyvilon
Fedhas
Gozag
Kikubaaqudgha
Makhleb
Nemelex Xobeh
Okawaru
Qazlal
Ru
Sif Muna
Uskayaw
Vehumet
Xom
Yredelemnul
Zin

Annotations:
D:4 Dowan, Duvessa


Innate Abilities, Weirdness & Mutations

You have sharp fingernails.
You are robust. (+10% HP)


Message History

You see here 6 gold pieces.
You barely miss the adder. The adder bites you. You block the adder's attack.
The adder barely misses you. You block the adder's attack.
Dowan shouts!
The adder barely misses you.
Dowan casts a spell at Duvessa.
Duvessa seems to speed up.
The adder barely misses you.
Dowan casts a spell.
Dowan blinks!
Dowan mumbles some strange words.
Dowan blinks!
You block the adder's attack. You block the endoplasm's attack.
Duvessa says, "My weaknesses are his strengths!"
You block the adder's attack. Duvessa hits you with a +0 short sword!
Duvessa says, "Where magic fails, the sword succeeds!"
Duvessa hits you with a +0 short sword!
* * * LOW HITPOINT WARNING * * *
There is a stone staircase leading down here.
You can't go up here!
You block the adder's attack. Duvessa barely misses you.
You block the adder's attack.
You climb downwards.
Found a scroll labelled WUILAY ZIMNUSH and an opal ring.
There is a stone staircase leading up here.
It was a potion of mutation.
You feel extremely strange.
You feel frail.
You feel clever.
The orc shouts!
You hear a shout!
The adder bites you.
* * * LOW HITPOINT WARNING * * *
You feel extremely strange.
You feel stupid.
You feel robust.
Your fingernails lengthen.
You feel robust. You block the adder's attack.
You hit the adder but do no damage. The adder bites you.
* * * LOW HITPOINT WARNING * * *
You are lethally poisoned!
The adder poisons you! The adder bites you.
You die...

#### # ...#
####.#...
=...#..
#..#..
#....#######
+.........?.
#@S.# ###.#
.. ... ...
.# #


You could see an adder.

Vanquished Creatures
  An adder (D:2)
  2 endoplasms
  A goblin (D:1)
  A frilled lizard (D:1)
5 creatures vanquished.

Vanquished Creatures (others)
  4 plants (D:2)
4 creatures vanquished.

Grand Total: 9 creatures vanquished

Notes
Turn   | Place    | Note
-------+----------+-------------------------------------------
     0 | D:1      | TheCrusader the Hill Orc Monk began the quest for the Orb.
     0 | D:1      | Reached XP level 1. HP: 19/19 MP: 1/1
    74 | D:2      | HP: 1/20 [poisoned by an adder]
    75 | D:2      | Reached XP level 2. HP: 1/27 MP: 2/2
   256 | D:4      | Found a staircase to the Ecumenical Temple.
   276 | Temple   | Entered the Ecumenical Temple
   577 | D:4      | Noticed Duvessa
   577 | D:4      | Noticed Dowan
   593 | D:5      | Entered Level 5 of the Dungeon
   594 | D:5      | Gained mutation: You are frail. (-10% HP) [potion of
                  | mutation]
   594 | D:5      | Gained mutation: Your mind is acute. (Int +2) [potion of
                  | mutation]
   595 | D:5      | Lost mutation: Your mind is acute. (Int +2) [potion of
                  | mutation]
   595 | D:5      | Lost mutation: You are frail. (-10% HP) [potion of
                  | mutation]
   595 | D:5      | Gained mutation: You have sharp fingernails. [potion of
                  | mutation]
   595 | D:5      | Gained mutation: You are robust. (+10% HP) [potion of
                  | mutation]
   596 | D:5      | Slain by an adder

Illustrated notes

Levels and vault maps discovered:
D:1:      minmay_arrival_four_circles, layout_rooms, serial_park_tiny_2,
          minmay_heptomino_l4
D:2:      layout_loops_ring, hellmonk_ecumenical_altar_inner_sanctum,
          basic_altar, serial_forest, infiniplex_forest_clump_curved,
          infiniplex_forest_straight_2, infiniplex_forest_zigzag_1,
          infiniplex_forest_clump_tiny, uniq_robin
D:3:      layout_basic, kennysheep_generic_room_10
D:4:      layout_rooms, worldfamousw_hep_ancestral_shrine,
          minmay_temple_entry_mini_moons, kennysheep_opposing_triangles,
          uniq_edmund, uniq_natasha, uniq_duvessa
D:5:      layout_basic
Temple:   minmay_crystal_spiral_temple

Action                   || total
-------------------------++-------
Melee: Hand axe          ||    20
  Use: Potion            ||     3
Armor: Robe              ||     4
Dodge: Dodged            ||     8
Block: Tower shield      ||    11
